AoeStats
← Joaking

Arena

507841989Analyzed
1v1 RM · 12d ago on Sep 19, 2026· 43m 51s· 2 players
Game mode
Random Map
Map size
Tiny (2 player)
Population
200
Speed
Normal
Resources
Standard
Victory
Conquest
Starting age
Dark Age
Ending age
Imperial Age
RankedLock teamsTeams togetherTeam positionsShared explorationLock speedFull tech treeHidden civsTurbo modeCheats
Victory
Defeat
🇨🇱 Saracens · Chile
1053
+16
🇲🇽 Burgundians · Mexico
1062
-16
Joaking
7:13 Loom
9:51 Feudal Age
15:30 Castle Age
14:31 Double-Bit Axe
25:07 Bow Saw
26:53 Wheelbarrow
26:04 Town Watch
30:41 Imperial Age
28:35 Hand Cart
28:54 Scale Barding Armor
28:42 Fletching
29:30 Horse Collar
30:56 Bloodlines
30:46 Husbandry
30:58 Elite Mameluke
32:38 Chain Barding Armor
33:44 Heavy Plow
34:47 Two-Man Saw
34:21 Conscription
36:20 Plate Barding Armor
35:55 Forging
35:49 Town Patrol
37:51 Chemistry
37:11 Ballistics
37:03 Masonry
38:37 Treadmill Crane
39:37 Bodkin Arrow
40:18 Iron Casting
42:03 Light Cavalry
42:19 Heavy Camel Rider
adrian_182s
10:36 Feudal Age
9:14 Double-Bit Axe
9:22 Horse Collar
13:36 Loom
16:39 Castle Age
15:52 Bow Saw
15:43 Heavy Plow
15:35 Gold Mining
15:37 Stone Mining
17:36 Forging
20:17 Two-Man Saw
23:10 Husbandry
28:53 Wheelbarrow
30:09 Burgundian Vineyards
33:54 Imperial Age
31:42 Hand Cart
32:08 Crop Rotation
32:14 Gold Shaft Mining
32:33 Iron Casting
32:00 Padded Archer Armor
32:04 Light Cavalry
33:09 Treadmill Crane
33:41 Masonry
33:27 Murder Holes
33:53 Ballistics
34:32 Leather Archer Armor
33:42 Pikeman
36:42 Chemistry
35:11 Elite Skirmisher
37:07 Blast Furnace
36:13 Scale Barding Armor
35:59 Cavalier
38:36 Halberdier
39:10 Fletching
39:22 Scale Mail Armor
40:05 Architecture
40:18 Guilds
40:34 Chain Mail Armor
40:42 Flemish Revolution
Connection lost

Rejoining the realm…

Still unreachable

The connection could not be restored.

Session expired

The server has moved on; the page needs a fresh start.